[ AOE2 MATCH · #483523971 ]
Team RMBritons vs Chinese
[ REPLAY ANALYSIS · EXTRACTED FROM THE RECORDED GAME ]
Feudal
11:00
Castle
24:08
Imperial
38:18
| APM avg | 14.8 |
| APM peak | 35 |
| eAPM avg | 8.3 |
| Villagers / military | 62 / 68 |
Focus
⚔️ 28.3% · 🌾 71.7%
Archer ×39 · Longbowman ×22 · Trebuchet (Packed) ×5 · Mangonel ×2 · Trade Cart ×1
Feudal
11:13
Castle
24:02
Imperial
33:34
| APM avg | 12.8 |
| APM peak | 33 |
| eAPM avg | 10.1 |
| Villagers / military | 84 / 120 |
Focus
⚔️ 24.0% · 🌾 76.0%
Camel Scout ×95 · Mangonel ×9 · Bombard Cannon ×8 · Militia ×4 · Archer ×2 · Monk ×1
Feudal
10:42
Castle
18:58
Imperial
39:40
| APM avg | 16.9 |
| APM peak | 36 |
| eAPM avg | 14.9 |
| Villagers / military | 141 / 82 |
Focus
⚔️ 23.3% · 🌾 76.7%
Chu Ko Nu ×38 · Spearman ×33 · Trade Cart ×16 · Iron Pagoda ×7 · Trebuchet (Packed) ×4
Feudal
11:11
Castle
14:55
Imperial
29:54
| APM avg | 28.5 |
| APM peak | 70 |
| eAPM avg | 19.1 |
| Villagers / military | 210 / 17 |
Focus
⚔️ 23.1% · 🌾 76.9%
Trade Cart ×127 · Janissary ×10 · Bombard Cannon ×5 · Monk ×2
Match map
Initial resources + every placement click. Lines = walls · curves = elevation contours. ◆ gold · ⬟ stone · ● berries · ✦ relic · ◌ wall gap
Your base· Open — unwalled flank
maxikozie's base· Open — unwalled flank
Kimek's base· ✓ Closed at 18:58 · 12t walls · 2 gate(s)
smiling tiger A's base· ✓ Closed at 14:55 · 7t walls · no gate
Smoothed initial terrain · ◌ = detected wall gap · hover for details
Inputs per minute
— joannebosch - - maxikozie
Build order — joannebosch
First 150 of 203 actions detected
| 0:04 | Build | House |
| 0:06 | Build | House |
| 0:08 | Create | Villager (Male) |
| 0:08 | Create | Villager (Male) |
| 0:09 | Create | Villager (Male) |
| 0:50 | Create | Villager (Male) |
| 0:50 | Create | Villager (Male) |
| 1:34 | Research | Loom |
| 2:13 | Create | Villager (Male) |
| 2:38 | Create | Villager (Male) |
| 2:56 | Build | House |
| 2:58 | Build | House |
| 3:13 | Build | Mill |
| 3:18 | Create | Villager (Male) |
| 3:18 | Create | Villager (Male) |
| 3:50 | Create | Villager (Male) |
| 4:12 | Create | Villager (Male) |
| 4:55 | Create | Villager (Male) |
| 5:37 | Build | House |
| 5:49 | Create | Villager (Male) |
| 5:51 | Create | Villager (Male) |
| 7:15 | Create | Villager (Male) |
| 7:16 | Create | Villager (Male) |
| 7:22 | Build | Lumber Camp |
| 7:36 | Create | Villager (Male) |
| 8:46 | Create | Villager (Male) |
| 8:50 | Research | Feudal Age |
| 9:01 | Build | Farm |
| 9:02 | Build | Farm |
| 9:02 | Build | Farm |
| 9:25 | Create | Villager (Male) |
| 9:38 | Build | Mining Camp |
| 10:03 | Create | Villager (Male) |
| 10:05 | Create | Villager (Male) |
| 10:48 | Build | Barracks |
| 11:00 | Age | Feudal Age |
| 11:04 | Research | Double-Bit Axe |
| 11:12 | Create | Villager (Male) |
| 11:48 | Build | Lumber Camp |
| 12:16 | Research | Wheelbarrow |
| 13:26 | Create | Villager (Male) |
| 13:37 | Research | Horse Collar |
| 13:56 | Build | Archery Range |
| 14:07 | Create | Villager (Male) |
| 14:09 | Create | Villager (Male) |
| 14:11 | Build | Farm |
| 14:12 | Build | Farm |
| 14:49 | Build | Blacksmith |
| 14:57 | Create | Villager (Male) |
| 14:57 | Create | Villager (Male) |
| 15:08 | Build | Farm |
| 15:09 | Build | Farm |
| 15:16 | Build | Farm |
| 15:44 | Build | House |
| 15:46 | Build | House |
| 15:49 | Build | House |
| 15:49 | Build | House |
| 16:05 | Create | Villager (Male) |
| 16:06 | Create | Villager (Male) |
| 16:27 | Create | Villager (Male) |
| 17:13 | Create | Villager (Male) |
| 17:21 | Build | Farm |
| 17:22 | Build | Farm |
| 17:22 | Build | Farm |
| 17:29 | Create | Villager (Male) |
| 17:29 | Create | Villager (Male) |
| 17:32 | Research | Padded Archer Armor |
| 17:33 | Research | Fletching |
| 17:43 | Build | Farm |
| 17:44 | Build | Farm |
| 18:27 | Create | Villager (Male) |
| 18:44 | Build | Farm |
| 18:54 | Create | Villager (Male) |
| 19:05 | Build | Farm |
| 19:15 | Build | Farm |
| 19:19 | Create | Villager (Male) |
| 19:23 | Build | Farm |
| 19:25 | Build | Farm |
| 19:30 | Create | Villager (Male) |
| 19:44 | Create | Archer |
| 19:45 | Create | Archer |
| 19:45 | Create | Archer |
| 19:45 | Create | Archer |
| 19:46 | Create | Archer |
| 19:46 | Create | Archer |
| 19:46 | Create | Archer |
| 19:48 | Create | Archer |
| 19:48 | Create | Archer |
| 19:50 | Create | Archer |
| 20:06 | Create | Villager (Male) |
| 20:36 | Build | Market |
| 20:50 | Build | Farm |
| 20:56 | Create | Villager (Male) |
| 21:28 | Research | Castle Age |
| 21:56 | Build | Mining Camp |
| 22:22 | Build | Lumber Camp |
| 23:04 | Build | Lumber Camp |
| 23:44 | Build | House |
| 23:46 | Build | House |
| 23:47 | Build | House |
| 23:49 | Build | House |
| 23:52 | Build | House |
| 23:58 | Build | House |
| 24:08 | Age | Castle Age |
| 24:18 | Research | Crossbowman (upgrade) |
| 24:23 | Research | Bow Saw |
| 24:26 | Research | Heavy Plow |
| 24:29 | Research | Bodkin Arrow |
| 24:29 | Research | Leather Archer Armor |
| 24:34 | Research | Hand Cart |
| 25:02 | Create | Villager (Male) |
| 25:02 | Create | Villager (Male) |
| 25:03 | Create | Villager (Male) |
| 25:20 | Build | Town Center |
| 25:29 | Research | Gold Mining |
| 25:29 | Research | Stone Mining |
| 25:54 | Create | Trade Cart |
| 26:27 | Create | Villager (Male) |
| 26:27 | Create | Villager (Male) |
| 27:21 | Create | Archer ×5 |
| 27:45 | Build | Gate |
| 27:52 | Build | Stone Wall |
| 27:56 | Build | Stone Wall |
| 28:31 | Research | Elite Skirmisher (upgrade) |
| 28:57 | Create | Villager (Male) |
| 28:58 | Create | Villager (Male) |
| 28:58 | Create | Villager (Male) |
| 29:05 | Create | Villager (Male) |
| 29:06 | Create | Villager (Male) |
| 29:06 | Create | Villager (Male) |
| 29:06 | Create | Villager (Male) |
| 29:06 | Create | Villager (Male) |
| 29:15 | Create | Villager (Male) |
| 29:33 | Build | Mining Camp |
| 29:42 | Build | University |
| 29:47 | Build | Mining Camp |
| 29:56 | Create | Villager (Male) |
| 31:02 | Build | House |
| 31:05 | Build | House |
| 31:06 | Build | House |
| 31:08 | Research | Ballistics |
| 31:09 | Research | Treadmill Crane |
| 31:29 | Build | Monastery |
| 31:49 | Create | Villager (Male) |
| 31:49 | Create | Villager (Male) |
| 31:49 | Create | Villager (Male) |
| 33:10 | Build | Castle |
| 33:17 | Build | Lumber Camp |
| 33:27 | Create | Villager (Male) |
| 33:28 | Create | Villager (Male) |
Build order — maxikozie
First 150 of 268 actions detected
| 0:01 | Create | Villager (Male) |
| 0:01 | Create | Villager (Male) |
| 0:01 | Create | Villager (Male) |
| 0:02 | Create | Villager (Male) |
| 0:04 | Build | House |
| 1:44 | Research | Loom |
| 1:45 | Create | Villager (Male) |
| 1:45 | Create | Villager (Male) |
| 3:04 | Create | Villager (Male) |
| 3:04 | Create | Villager (Male) |
| 3:04 | Create | Villager (Male) |
| 3:04 | Create | Villager (Male) |
| 3:13 | Build | House |
| 3:41 | Build | Lumber Camp |
| 3:47 | Create | Villager (Male) |
| 3:47 | Create | Villager (Male) |
| 4:34 | Create | Villager (Male) |
| 4:35 | Create | Villager (Male) |
| 4:58 | Create | Villager (Male) |
| 4:59 | Create | Villager (Male) |
| 5:10 | Build | House |
| 5:28 | Create | Villager (Male) |
| 5:28 | Create | Villager (Male) |
| 5:51 | Build | House |
| 6:33 | Create | Villager (Male) |
| 6:56 | Create | Villager (Male) |
| 7:04 | Build | Mill |
| 7:17 | Create | Villager (Male) |
| 7:18 | Create | Villager (Male) |
| 7:18 | Create | Villager (Male) |
| 7:18 | Create | Villager (Male) |
| 7:19 | Create | Villager (Male) |
| 7:24 | Build | House |
| 8:02 | Build | House |
| 8:37 | Create | Villager (Male) |
| 9:02 | Research | Feudal Age |
| 9:44 | Build | Mining Camp |
| 10:54 | Create | Villager (Male) |
| 10:54 | Create | Villager (Male) |
| 10:54 | Create | Villager (Male) |
| 10:55 | Create | Villager (Male) |
| 11:13 | Age | Feudal Age |
| 11:14 | Research | Double-Bit Axe |
| 11:39 | Build | Barracks |
| 12:05 | Create | Villager (Male) |
| 12:06 | Create | Villager (Male) |
| 12:36 | Build | Archery Range |
| 12:38 | Create | Spearman |
| 12:47 | Create | Militia |
| 12:47 | Create | Militia |
| 12:54 | Build | House |
| 13:05 | Build | House |
| 13:24 | Research | Man-at-Arms (upgrade) |
| 13:31 | Create | Archer |
| 13:31 | Create | Archer |
| 13:40 | Build | House |
| 13:44 | Research | Wheelbarrow |
| 13:47 | Research | Horse Collar |
| 14:16 | Build | Blacksmith |
| 14:22 | Create | Militia |
| 14:22 | Create | Militia |
| 14:34 | Build | Farm |
| 14:38 | Build | Farm |
| 14:40 | Build | Farm |
| 14:56 | Build | Farm |
| 15:28 | Create | Villager (Male) |
| 15:28 | Create | Villager (Male) |
| 15:37 | Research | Fletching |
| 15:40 | Research | Arson |
| 15:48 | Build | Farm |
| 15:48 | Build | Farm |
| 15:49 | Build | Farm |
| 15:49 | Build | Farm |
| 15:49 | Build | Farm |
| 15:50 | Build | Farm |
| 16:07 | Build | Lumber Camp |
| 16:18 | Build | Farm |
| 16:19 | Build | Farm |
| 16:23 | Create | Villager (Male) |
| 16:24 | Create | Villager (Male) |
| 17:12 | Build | Farm |
| 17:43 | Create | Villager (Male) |
| 17:44 | Create | Villager (Male) |
| 18:04 | Build | Market |
| 18:30 | Build | Farm |
| 18:31 | Build | Farm |
| 18:31 | Build | Farm |
| 18:32 | Build | Farm |
| 18:33 | Build | Farm |
| 18:34 | Build | Farm |
| 18:37 | Create | Villager (Male) |
| 18:37 | Create | Villager (Male) |
| 18:39 | Create | Villager (Male) |
| 18:43 | Build | House |
| 18:44 | Build | House |
| 18:45 | Build | House |
| 18:52 | Build | Farm |
| 19:20 | Build | Outpost |
| 19:33 | Build | House |
| 19:34 | Build | House |
| 19:34 | Build | House |
| 19:35 | Build | House |
| 19:44 | Research | Gold Mining |
| 19:51 | Create | Villager (Male) |
| 19:51 | Create | Villager (Male) |
| 20:02 | Build | Farm |
| 20:21 | Create | Villager (Male) |
| 20:22 | Create | Villager (Male) |
| 21:22 | Research | Castle Age |
| 21:37 | Build | Mining Camp |
| 22:00 | Build | Farm |
| 22:01 | Build | Farm |
| 22:01 | Build | Farm |
| 22:02 | Build | Farm |
| 23:22 | Research | Stone Mining |
| 23:26 | Create | Villager (Male) |
| 23:27 | Create | Villager (Male) |
| 23:27 | Create | Villager (Male) |
| 24:02 | Age | Castle Age |
| 24:06 | Build | Town Center |
| 24:11 | Research | Bow Saw |
| 24:13 | Research | Heavy Plow |
| 24:27 | Build | Town Center |
| 24:34 | Create | Villager (Male) |
| 24:36 | Research | Hand Cart |
| 25:10 | Create | Villager (Male) ×5 |
| 25:15 | Create | Villager (Male) ×5 |
| 25:36 | Create | Villager (Male) |
| 25:36 | Create | Villager (Male) |
| 25:37 | Create | Villager (Male) |
| 25:37 | Create | Villager (Male) |
| 25:37 | Create | Villager (Male) |
| 25:45 | Build | House |
| 25:45 | Build | House |
| 25:46 | Build | House |
| 25:49 | Build | House |
| 25:52 | Research | Gold Shaft Mining |
| 26:16 | Build | House |
| 26:19 | Build | House |
| 26:22 | Build | House |
| 26:35 | Build | Monastery |
| 26:48 | Create | Villager (Male) |
| 26:48 | Create | Villager (Male) |
| 26:49 | Create | Villager (Male) |
| 27:01 | Build | House |
| 27:01 | Build | House |
| 27:02 | Build | House |
| 27:03 | Build | House |
| 27:30 | Research | Bodkin Arrow |
| 27:43 | Create | Monk |
Build order — Kimek
First 150 of 402 actions detected
| 0:29 | Research | Loom |
| 1:02 | Create | Villager (Male) |
| 1:02 | Create | Villager (Male) |
| 1:59 | Build | Palisade Gate |
| 2:06 | Build | Palisade Wall |
| 2:08 | Build | Palisade Wall |
| 2:32 | Create | Villager (Male) |
| 2:32 | Create | Villager (Male) |
| 2:33 | Create | Villager (Male) |
| 3:13 | Build | Lumber Camp |
| 3:22 | Create | Villager (Male) |
| 3:22 | Create | Villager (Male) |
| 3:49 | Create | Villager (Male) |
| 3:49 | Create | Villager (Male) |
| 4:01 | Create | Villager (Male) |
| 4:01 | Create | Villager (Male) |
| 4:22 | Build | House |
| 4:39 | Create | Villager (Male) |
| 4:39 | Create | Villager (Male) |
| 5:18 | Create | Villager (Male) |
| 5:18 | Create | Villager (Male) |
| 5:40 | Create | Villager (Male) |
| 5:41 | Create | Villager (Male) |
| 6:12 | Create | Villager (Male) |
| 6:13 | Create | Villager (Male) |
| 6:13 | Create | Villager (Male) |
| 6:25 | Build | Mill |
| 6:39 | Create | Villager (Male) |
| 6:39 | Create | Villager (Male) |
| 8:32 | Research | Feudal Age |
| 8:40 | Build | Mill |
| 9:12 | Build | House |
| 9:14 | Build | House |
| 9:21 | Create | Villager (Male) |
| 9:21 | Create | Villager (Male) |
| 9:22 | Create | Villager (Male) |
| 10:28 | Create | Villager (Male) |
| 10:28 | Create | Villager (Male) |
| 10:42 | Age | Feudal Age |
| 10:53 | Create | Villager (Male) |
| 11:06 | Build | Lumber Camp |
| 11:19 | Create | Villager (Male) |
| 11:30 | Build | Mining Camp |
| 11:52 | Create | Villager (Male) |
| 12:09 | Build | Market |
| 12:16 | Build | Blacksmith |
| 12:38 | Create | Villager (Male) |
| 13:30 | Create | Villager (Male) |
| 13:37 | Create | Villager (Male) |
| 13:55 | Build | Barracks |
| 14:57 | Build | Stone Wall |
| 15:03 | Build | Gate |
| 15:14 | Build | Watch Tower |
| 15:21 | Build | Stone Wall |
| 16:18 | Research | Castle Age |
| 16:31 | Build | Mining Camp |
| 17:39 | Build | Archery Range |
| 17:58 | Build | House |
| 17:59 | Build | House |
| 18:00 | Build | House |
| 18:06 | Build | Farm |
| 18:07 | Build | Farm |
| 18:11 | Build | Farm |
| 18:18 | Build | Farm |
| 18:19 | Build | Farm |
| 18:21 | Build | Farm |
| 18:23 | Build | Farm |
| 18:24 | Build | Farm |
| 18:30 | Build | Farm |
| 18:31 | Build | Farm |
| 18:33 | Build | Farm |
| 18:43 | Research | Double-Bit Axe |
| 18:58 | Age | Castle Age |
| 19:19 | Create | Villager (Male) |
| 19:19 | Create | Villager (Male) |
| 19:19 | Create | Villager (Male) |
| 19:20 | Create | Villager (Male) |
| 19:40 | Build | Town Center |
| 19:55 | Create | Villager (Male) |
| 19:55 | Create | Villager (Male) |
| 20:11 | Research | Bow Saw |
| 21:14 | Build | Town Center |
| 21:18 | Create | Villager (Male) |
| 21:29 | Build | Siege Workshop |
| 21:35 | Build | Farm |
| 21:46 | Create | Villager (Male) |
| 21:46 | Create | Villager (Male) |
| 21:46 | Create | Villager (Male) |
| 21:47 | Create | Villager (Male) |
| 21:47 | Create | Villager (Male) |
| 21:53 | Build | Farm |
| 21:56 | Create | Villager (Male) |
| 22:28 | Build | Farm |
| 22:31 | Create | Villager (Male) |
| 22:36 | Create | Villager (Male) |
| 22:47 | Build | Farm |
| 22:50 | Create | Villager (Male) |
| 22:52 | Create | Villager (Male) |
| 22:52 | Create | Villager (Male) |
| 23:03 | Build | Farm |
| 23:04 | Build | Farm |
| 23:06 | Build | Farm |
| 23:09 | Create | Villager (Male) |
| 23:09 | Create | Villager (Male) |
| 23:12 | Build | Farm |
| 23:14 | Create | Villager (Male) |
| 23:14 | Create | Villager (Male) |
| 23:19 | Create | Iron Pagoda |
| 23:26 | Create | Villager (Male) |
| 23:26 | Create | Villager (Male) |
| 23:30 | Build | Farm |
| 23:32 | Build | Farm |
| 23:34 | Build | Farm |
| 23:40 | Build | Farm |
| 23:42 | Build | Farm |
| 23:44 | Create | Villager (Male) |
| 23:44 | Create | Villager (Male) |
| 23:48 | Build | Farm |
| 23:50 | Create | Villager (Male) |
| 23:53 | Create | Villager (Male) |
| 23:53 | Create | Villager (Male) |
| 24:09 | Build | Farm |
| 24:11 | Create | Villager (Male) |
| 24:14 | Create | Villager (Male) |
| 24:25 | Build | Farm |
| 24:26 | Create | Villager (Male) |
| 24:26 | Create | Villager (Male) |
| 24:34 | Create | Villager (Male) |
| 24:34 | Create | Villager (Male) |
| 24:42 | Research | Horse Collar |
| 24:47 | Build | Farm |
| 24:48 | Create | Villager (Male) |
| 24:48 | Create | Villager (Male) |
| 24:58 | Build | Mining Camp |
| 24:59 | Create | Villager (Male) |
| 24:59 | Create | Villager (Male) |
| 25:14 | Create | Villager (Male) |
| 25:14 | Create | Villager (Male) |
| 25:14 | Create | Villager (Male) |
| 25:19 | Build | Farm |
| 25:22 | Create | Villager (Male) |
| 25:29 | Create | Villager (Male) |
| 25:45 | Build | Farm |
| 25:47 | Create | Villager (Male) |
| 25:49 | Create | Villager (Male) |
| 25:49 | Create | Villager (Male) |
| 25:49 | Create | Villager (Male) |
| 26:11 | Create | Villager (Male) |
| 26:19 | Build | Farm |
| 26:25 | Create | Iron Pagoda |
Build order — smiling tiger A
First 150 of 479 actions detected
| 0:01 | Create | Villager (Male) |
| 0:01 | Create | Villager (Male) |
| 0:01 | Create | Villager (Male) |
| 0:04 | Build | House |
| 0:05 | Build | House |
| 0:10 | Create | Villager (Male) |
| 0:55 | Build | Palisade Wall |
| 1:34 | Create | Villager (Male) |
| 1:34 | Create | Villager (Male) |
| 2:18 | Create | Villager (Male) |
| 2:24 | Build | Lumber Camp |
| 2:26 | Create | Villager (Male) |
| 3:02 | Create | Villager (Male) |
| 3:02 | Create | Villager (Male) |
| 3:17 | Create | Villager (Male) |
| 3:17 | Create | Villager (Male) |
| 3:40 | Build | House |
| 3:42 | Create | Villager (Male) |
| 4:22 | Create | Villager (Male) |
| 4:23 | Create | Villager (Male) |
| 4:44 | Create | Villager (Male) |
| 4:45 | Create | Villager (Male) |
| 4:52 | Build | Mill |
| 5:15 | Create | Villager (Male) |
| 5:16 | Create | Villager (Male) |
| 5:17 | Create | Villager (Male) |
| 5:17 | Create | Villager (Male) |
| 5:49 | Create | Villager (Male) |
| 5:49 | Create | Villager (Male) |
| 5:59 | Create | Villager (Male) |
| 5:59 | Create | Villager (Male) |
| 6:11 | Build | House |
| 6:15 | Build | House |
| 6:18 | Create | Villager (Male) |
| 6:18 | Create | Villager (Male) |
| 6:31 | Create | Villager (Male) |
| 6:39 | Create | Villager (Male) |
| 7:13 | Create | Villager (Male) |
| 7:31 | Create | Villager (Male) |
| 7:45 | Create | Villager (Male) |
| 7:45 | Create | Villager (Male) |
| 8:39 | Build | Mining Camp |
| 9:01 | Research | Feudal Age |
| 10:24 | Create | Villager (Male) |
| 10:25 | Create | Villager (Male) |
| 11:11 | Age | Feudal Age |
| 11:14 | Build | Market |
| 11:16 | Build | Blacksmith |
| 12:15 | Research | Castle Age |
| 12:15 | Research | Castle Age |
| 13:09 | Research | Double-Bit Axe |
| 13:09 | Research | Double-Bit Axe |
| 13:12 | Build | Farm |
| 13:14 | Build | Farm |
| 13:15 | Build | Farm |
| 13:17 | Build | Farm |
| 13:18 | Build | Farm |
| 13:21 | Build | Farm |
| 13:49 | Create | Villager (Male) |
| 13:49 | Create | Villager (Male) |
| 14:27 | Build | House |
| 14:28 | Build | House |
| 14:32 | Create | Villager (Male) |
| 14:55 | Age | Castle Age |
| 15:00 | Build | Town Center |
| 15:07 | Build | Town Center |
| 15:57 | Create | Villager (Male) |
| 15:58 | Create | Villager (Male) |
| 16:03 | Build | Monastery |
| 16:15 | Create | Villager (Male) |
| 16:24 | Create | Villager (Male) |
| 16:24 | Create | Villager (Male) |
| 16:25 | Create | Villager (Male) |
| 16:25 | Create | Villager (Male) |
| 16:31 | Research | Bow Saw |
| 16:31 | Research | Bow Saw |
| 16:49 | Build | Farm |
| 16:53 | Build | Farm |
| 16:58 | Build | House |
| 16:59 | Create | Monk |
| 17:00 | Create | Monk |
| 17:04 | Create | Villager (Male) |
| 17:04 | Create | Villager (Male) |
| 17:04 | Create | Villager (Male) |
| 17:15 | Build | Farm |
| 17:21 | Build | Farm |
| 17:31 | Create | Villager (Male) |
| 17:31 | Create | Villager (Male) |
| 17:33 | Create | Villager (Male) |
| 17:37 | Build | House |
| 17:41 | Build | Farm |
| 17:50 | Create | Villager (Male) |
| 17:50 | Create | Villager (Male) |
| 17:50 | Create | Villager (Male) |
| 18:09 | Create | Villager (Male) |
| 18:09 | Create | Villager (Male) |
| 18:10 | Create | Villager (Male) |
| 18:16 | Build | House |
| 18:20 | Create | Villager (Male) |
| 18:20 | Create | Villager (Male) |
| 18:59 | Create | Villager (Male) ×3 |
| 19:02 | Build | Farm |
| 19:02 | Build | Farm |
| 19:03 | Build | Farm |
| 19:03 | Build | Farm |
| 19:08 | Build | Farm |
| 19:09 | Build | Farm |
| 19:09 | Build | Farm |
| 19:09 | Build | Farm |
| 19:09 | Build | Farm |
| 19:11 | Create | Villager (Male) |
| 19:11 | Create | Villager (Male) |
| 19:11 | Create | Villager (Male) |
| 19:15 | Build | Farm |
| 19:20 | Build | Farm |
| 19:23 | Build | House |
| 19:25 | Build | House |
| 19:25 | Build | House |
| 19:26 | Build | House |
| 19:27 | Build | House |
| 19:29 | Create | Villager (Male) |
| 19:29 | Create | Villager (Male) |
| 19:30 | Create | Villager (Male) |
| 19:41 | Create | Villager (Male) |
| 19:44 | Build | Farm |
| 19:46 | Build | Farm |
| 19:49 | Build | Farm |
| 19:50 | Create | Villager (Male) |
| 19:50 | Create | Villager (Male) |
| 19:57 | Create | Villager (Male) |
| 19:58 | Create | Villager (Male) |
| 20:04 | Create | Villager (Male) |
| 20:10 | Build | Town Center |
| 20:12 | Create | Villager (Male) |
| 20:12 | Create | Villager (Male) |
| 20:21 | Create | Villager (Male) |
| 20:21 | Create | Villager (Male) |
| 20:21 | Create | Villager (Male) |
| 20:24 | Create | Villager (Male) |
| 20:25 | Create | Villager (Male) |
| 20:26 | Create | Villager (Male) |
| 20:52 | Research | Wheelbarrow |
| 21:00 | Create | Villager (Male) |
| 21:00 | Create | Villager (Male) |
| 21:02 | Create | Villager (Male) |
| 21:02 | Create | Villager (Male) |
| 21:11 | Build | Town Center |
| 21:19 | Create | Villager (Male) |
| 21:19 | Create | Villager (Male) |
| 21:26 | Research | Horse Collar |
Match timeline
| 0:55 | smiling tiger A · wall_segment Palisade Wall x7 |
| 2:06 | Kimek · wall_segment Palisade Wall x1 |
| 2:08 | Kimek · wall_segment Palisade Wall x1 |
| 10:42 | Kimek · age_up feudal |
| 10:48 | joannebosch · first_building Barracks |
| 11:00 | joannebosch · age_up feudal |
| 11:11 | smiling tiger A · age_up feudal |
| 11:13 | maxikozie · age_up feudal |
| 11:39 | maxikozie · first_building Barracks |
| 12:36 | maxikozie · first_building Archery Range |
| 13:55 | Kimek · first_building Barracks |
| 13:56 | joannebosch · first_building Archery Range |
| 14:55 | smiling tiger A · age_up castle |
| 14:57 | Kimek · wall_segment Stone Wall x5 |
| 15:21 | Kimek · wall_segment Stone Wall x5 |
| 16:03 | smiling tiger A · first_building Monastery |
| 17:39 | Kimek · first_building Archery Range |
| 18:58 | Kimek · age_up castle |
| 21:29 | Kimek · first_building Siege Workshop |
| 24:02 | maxikozie · age_up castle |
| 24:08 | joannebosch · age_up castle |
| 26:35 | maxikozie · first_building Monastery |
| 27:52 | joannebosch · wall_segment Stone Wall x6 |
| 27:56 | joannebosch · wall_segment Stone Wall x7 |
| 28:54 | smiling tiger A · first_building Castle |
| 29:00 | maxikozie · first_building Siege Workshop |
| 29:30 | Kimek · first_building Castle |
| 29:54 | smiling tiger A · age_up imperial |
| 31:29 | joannebosch · first_building Monastery |
| 32:41 | smiling tiger A · first_building Siege Workshop |
| 33:10 | joannebosch · first_building Castle |
| 33:32 | maxikozie · first_building Castle |
| 33:34 | maxikozie · age_up imperial |
| 33:39 | Kimek · first_building Stable |
| 35:31 | maxikozie · first_building Stable |
| 36:15 | smiling tiger A · tribute_sent a jugador 1 |
| 36:15 | smiling tiger A · tribute_sent a jugador 2 |
| 36:15 | smiling tiger A · tribute_sent a jugador 3 |
| 36:42 | joannebosch · first_building Siege Workshop |
| 37:00 | maxikozie · first_market_sell 500 wood |
| 37:27 | smiling tiger A · first_building Barracks |
| 38:18 | joannebosch · age_up imperial |
| 38:57 | smiling tiger A · first_market_sell 500 food |
| 39:03 | smiling tiger A · first_market_buy 500 stone |
| 39:40 | Kimek · age_up imperial |
| 39:49 | joannebosch · first_market_sell 100 stone |
| 39:53 | Kimek · first_market_sell 100 wood |
| 43:03 | smiling tiger A · wall_segment Stone Wall x1 |
| 43:04 | smiling tiger A · wall_segment Stone Wall x1 |
| 48:10 | joannebosch · resign |
[ AI ANALYSIS · 1 CREDIT ]
What really happened in this match?
Wolo.gg analyzes every decision: build order, eco, micro, common mistakes by bracket. Personalized analysis on WhatsApp or Discord in 30 seconds.
Civ guide
Britons
Map guide
Black Forest
Perfil
Jugador #23917758